 Dungeon Crawl Stone Soup version 0.28.0-43-g3370ac3207 (webtiles) character file.

Game seed: 8765406390214763347

7 Pinkishskies the Covered (level 1, -3/20 HPs)
             Began as a Minotaur Fighter on Mar 8, 2022.
             Succumbed to a goblin's poison
             ... on level 1 of the Dungeon.
             The game lasted 00:00:20 (46 turns).

Pinkishskies the Covered (Minotaur Fighter)           Turns: 46, Time: 00:00:20

Health: -3/20      AC:  7    Str: 20    XL:     1   Next: 83%
Magic:  0/0        EV:  9    Int:  5    God:
Gold:   3          SH:  4    Dex:  9    Spells: 0/0 levels left

rFire   . . .      SeeInvis .   a - +0 war axe
rCold   . . .      Faith    .   c - +0 buckler
rNeg    . . .      Spirit   .   b - +0 scale mail
rPois   .          Reflect  .   (helmet restricted)
rElec   .          Harm     .   (no cloak)
rCorr   .          Rampage  .   (no gloves)
Will    .....                   (no boots)
Stlth   ..........              (no amulet)
HPRegen 0.06/turn               (no ring)
MPRegen 0.07/turn               (no ring)

@: lethally poisoned (-3 -> -17)
A: horns 2, retaliatory headbutt
a: no special abilities


You were on level 1 of the Dungeon.
You visited 1 branch of the dungeon, and saw 1 of its levels.

You collected 3 gold pieces.

Inventory:

Hand Weapons
 a - a +0 war axe (weapon)
Armour
 b - a +0 scale mail (worn)
 c - a +0 buckler (worn)
Potions
 d - a potion of might


   Skills:
 + Level 3.8 Fighting
 + Level 2.5 Axes
 + Level 3.8 Armour
 + Level 3.8 Shields


You couldn't memorise any spells.
You didn't know any spells.
Your spell library was empty.

Dungeon Overview and Level Annotations

Branches:
Dungeon (1/15)

Altars:


Innate Abilities, Weirdness & Mutations

You have a pair of horns on your head.
You reflexively headbutt those who attack you in melee.


Message History

You barely miss the frilled lizard. You barely miss the bat.
You block the bat's attack.
The frilled lizard bites you but does no damage. x2
You closely miss the frilled lizard. You closely miss the goblin.
You slash the bat!
You kill the bat!
The frilled lizard bites you but does no damage.
You block the goblin's attack.
You closely miss the frilled lizard.
Your headbutt misses the frilled lizard.
You hit the goblin. The frilled lizard bites you.
The goblin hits you but does no damage.
You are poisoned.
The frilled lizard bites you.
You closely miss the goblin.
The goblin is severely wounded.
You hit the kobold. You closely miss the frilled lizard.
You feel very sick. The goblin hits you but does no damage.
You are lethally poisoned!
The kobold hits you with a +0 dagger. The frilled lizard barely misses you.
You furiously retaliate!
You headbutt the frilled lizard!
You kill the frilled lizard!
The goblin hits you but does no damage.
You are more poisoned.
The kobold hits you with a +0 dagger.
* * * LOW HITPOINT WARNING * * *
You feel very sick. The goblin hits you but does no damage.
You closely miss the kobold.
The kobold is heavily wounded.
You barely miss the goblin.
* * * LOW HITPOINT WARNING * * *
You feel very sick. You block the goblin's attack.
The kobold hits you but does no damage.
You hit the kobold.
You kill the kobold!
You hit the goblin.
You kill the goblin!
You die...

#[#...........
##.#.#.....#..?
.(#............
##.#...........
:..............
..................
.... +...........
....##+..)).......
..........†@.......
...................
..............:.....
......†...........[.
#..................
+..................
#..................
#..................
#..................


There were no monsters in sight!

Vanquished Creatures
  3 kobolds (D:1)
  5 bats (D:1)
  A frilled lizard (D:1)
  A goblin (D:1)
10 creatures vanquished.

Notes
Turn   | Place    | Note
-------+----------+-------------------------------------------
     0 | D:1      | Pinkishskies the Minotaur Fighter began the quest for the
                  | Orb.
     0 | D:1      | Reached XP level 1. HP: 19/19 MP: 0/0
    45 | D:1      | HP: 1/20 [poisoned by a goblin]
    46 | D:1      | Succumbed to a goblin's poison

Illustrated notes

Levels and vault maps discovered:
D:1:      nzn_arrival_crosshair, layout_basic, shapermc_ecumenical_altar_petra,
          minmay_small_reverse_x

Action                   || total
-------------------------++-------
Melee: War axe           ||    15
       Headbutt          ||     2
Armor: Scale mail        ||    16
Dodge: Dodged            ||     8
Block: Buckler           ||     4
